 Dungeon Crawl Stone Soup version 0.21-a0-91-ga5031da (webtiles) character file.

9524 HAL9000 the Blocker (level 11, 0/97 HPs)
             Began as a Minotaur Fighter on June 28, 2017.
             Was a Believer of Wu Jian.
             Slain by a wyvern (13 damage)
             ... on level 10 of the Dungeon.
             The game lasted 00:22:30 (11244 turns).

HAL9000 the Blocker (Minotaur Fighter)             Turns: 11244, Time: 00:22:31

Health: 0/97       AC: 22    Str: 23    XL:     11   Next: 24%
Magic:  12/12      EV:  6    Int:  5    God:    Wu Jian [**....]
Gold:   613        SH: 13    Dex: 11    Spells: 8/10 levels left

rFire    . . .     SeeInvis .   a - +0 long sword
rCold    . . .     Gourm    .   c - +0 shield
rNeg     + . .     Faith    .   y - +0 plate armour
rPois    +         Spirit   .   R - +1 hat
rElec    .         Reflect  .   (no cloak)
rCorr    .         Harm     .   V - +2 pair of gloves
MR       .....                  I - +2 pair of boots
Stlth    ..........             (no amulet)
HPRegen  0.26/turn              H - ring of poison resistance
MPRegen  0.13/turn              W - ring of positive energy

@: no status effects
A: retaliatory headbutt, horns 2
a: Renounce Religion


You were on level 10 of the Dungeon.
You worshipped Wu Jian.
Wu Jian was pleased with you.
You were not hungry.

You visited 2 branches of the dungeon, and saw 11 of its levels.

You collected 649 gold pieces.
You spent 36 gold pieces at shops.

Inventory:

Hand Weapons
 a - a +0 long sword (weapon)
Missiles
 t - 2 throwing nets
 J - 8 tomahawks
 N - 7 silver javelins (quivered)
Armour
 c - a +0 shield (worn)
 y - a +0 plate armour (worn)
 I - a +2 pair of boots (worn)
 R - a +1 hat (worn)
 V - a +2 pair of gloves (worn)
Jewellery
 s - an uncursed ring of protection from cold
 E - a +2 ring of strength
 H - a ring of poison resistance (left hand)
 W - a ring of positive energy (right hand)
Wands
 D - a wand of lightning (3/15)
 T - a wand of lightning (7/15)
Scrolls
 x - 3 scrolls of remove curse
 B - 2 scrolls of enchant armour {unknown}
 C - 2 scrolls of fear {unknown}
 G - 2 scrolls of enchant weapon {unknown}
 K - a scroll of recharging {unknown}
 M - a scroll of magic mapping {unknown}
 Q - a scroll of blinking
 S - 5 scrolls of teleportation
 X - 3 scrolls of amnesia
 Y - a scroll of brand weapon {unknown}
Potions
 g - 2 potions of flight
 h - 2 potions of lignification {unknown}
 k - 3 potions of agility
 n - 3 potions of mutation {unknown}
 p - 3 potions of curing
 r - 2 potions of berserk rage
 u - 4 potions of brilliance
 v - 3 potions of heal wounds
 A - a potion of magic {unknown}
 F - 2 potions of invisibility {unknown}
 L - 3 potions of might
 P - 2 potions of haste {unknown}
Books
 O - a book of Maledictions

   Spells                             Type                      Level
   a - Corona                         Hexes                        1
   b - Ensorcelled Hibernation        Hexes/Ice                    2
   c - Confuse                        Hexes                        3
   d - Tukima's Dance                 Hexes                        3
   e - Dazzling Spray                 Conjuration/Hexes            3
 U - a book of Minor Magic

   Spells                             Type                      Level
   a - Magic Dart                     Conjuration                  1
   b - Blink                          Translocation                2
   c - Call Imp                       Summoning                    2
   d - Slow                           Hexes                        2
   e - Conjure Flame                  Conjuration/Fire             3
   f - Mephitic Cloud                 Conjuration/Poison/Air       3
 Z - a book of Changes

   Spells                             Type                      Level
   a - Beastly Appendage              Transmutation                1
   b - Sticks to Snakes               Transmutation                2
   c - Spider Form                    Transmutation/Poison         3
   d - Ice Form                       Ice/Transmutation            4
   e - Blade Hands                    Transmutation                5
Comestibles
 f - 7 bread rations
 j - 7 royal jellies
 m - 10 meat rations
 w - 4 fruits
 z - 4 chunks of flesh


   Skills:
 - Level 9.5 Fighting
 + Level 11.7 Long Blades
 - Level 9.8 Armour
 + Level 11.8 Shields
 - Level 3.0 Evocations


You had 8 spell levels left.
You knew the following spells:

 Your Spells              Type           Power        Failure   Level  Hunger
d - Blink                 Tloc           N/A          100%        2    ###....


Dungeon Overview and Level Annotations

Branches:
Dungeon (10/15)            Temple (1/1) D:7
   Lair: D:8-11         Orc: D:9-12

Altars:
Ashenzari
Cheibriados
Dithmenos
Elyvilon
Fedhas
Gozag
Hepliaklqana
Kikubaaqudgha
Makhleb
Nemelex Xobeh
Okawaru
Qazlal
Ru
Sif Muna
Trog
Uskayaw
Vehumet
Wu Jian
Xom
Yredelemnul
Zin
The Shining One

Shops:
D:7 ?


Innate Abilities, Weirdness & Mutations

You reflexively headbutt those who attack you in melee.
You have a pair of horns on your head.


Message History

You hit the wyvern.
You headbutt the wyvern, but do no damage.
The wyvern is lightly wounded.
The wyvern bites you!
A basilisk comes into view.
The basilisk hisses angrily.
You slash the wyvern!
The wyvern is moderately wounded.
The wyvern bites you!
* * * LOW HITPOINT WARNING * * *
You barely miss the wyvern.
The wyvern is moderately wounded.
The wyvern bites you.
* * * LOW HITPOINT WARNING * * *
The basilisk moves out of view.
The wyvern bites you!
* * * LOW HITPOINT WARNING * * *
You barely miss the wyvern.
The wyvern is moderately wounded.
The wyvern bites you!
You die...

## ## #..#.#### ###
..#.....##..
........#.## #
....D....#.###### ###
#..Y.l.......# ####..
#####l.......###.....
#@#.##..........##
###..#.########.#
###### #########
############ #........
#...<......# #......[.
#..........###........
#..........#..........
#............#........
#..........###........


You could see a basilisk and a wyvern.

Vanquished Creatures
  2 two-headed ogres
  The ghost of anet the Slasher, a novice MiMo of Ashenzari (D:8)
  Pikel (D:7)
  2 komodo dragons (D:10)
  Grinder (D:4)
  A wyvern (D:10)
  9 yaks
  2 steam dragons
  A water moccasin (D:8)
  A slave (D:7)
  Purgy (D:3)
  2 orc warriors (D:10)
  4 sky beasts
  5 ice beasts
  5 phantoms
  8 ogres
  A crocodile (D:10)
  2 centaurs
  A big kobold (D:9)
  3 bullfrogs
  A wyvern zombie (D:8)
  A wyvern skeleton (D:10)
  2 scorpions
  6 howler monkeys
  5 crimson imps
  A bullfrog zombie (D:10)
  2 jellies (D:9)
  A quasit (D:9)
  2 hounds
  3 centaur skeletons
  3 bullfrog skeletons
  An iron imp (D:5)
  5 orc priests
  An iguana (D:9)
  10 orc wizards
  Natasha (thrice) (D:4)
  5 worker ants
  A hound zombie (D:10)
  A hound skeleton (D:4)
  16 gnolls
  18 adders
  2 shadow imps (D:5)
  An ooze (D:3)
  2 adder skeletons
  2 worms
  2 dart slugs
  6 leopard geckos
  30 orcs
  16 bats
  3 giant cockroaches
  6 hobgoblins
  3 jackals (D:1)
  7 kobolds
  A quokka (D:2)
  6 ball pythons
  5 goblins
  2 goblin skeletons (D:8)
  2 goblin zombies (D:8)
  A hobgoblin zombie (D:8)
  A jackal skeleton (D:7)
  A jackal zombie (D:8)
  2 kobold skeletons (D:8)
  A leopard gecko skeleton (D:4)
  2 leopard gecko zombies (D:7)
  2 orc skeletons (D:8)
  An orc zombie (D:8)
  9 rats
257 creatures vanquished.

Vanquished Creatures (others)
  2 orcs (D:7)
2 creatures vanquished.

Grand Total: 259 creatures vanquished

Notes
Turn   | Place    | Note
-------+----------+-------------------------------------------
     0 | D:1      | HAL9000 the Minotaur Fighter began the quest for the Orb.
     0 | D:1      | Reached XP level 1. HP: 19/19 MP: 0/0
   103 | D:1      | Reached XP level 2. HP: 27/27 MP: 1/1
   599 | D:2      | Reached XP level 3. HP: 33/33 MP: 2/2
   620 | D:2      | Found an opulent altar of Gozag.
  1040 | D:3      | Reached XP level 4. HP: 40/40 MP: 3/3
  1078 | D:3      | Noticed Purgy
  1113 | D:3      | Killed Purgy
  1113 | D:3      | Reached skill level 5 in Armour
  1113 | D:3      | Reached skill level 5 in Shields
  1113 | D:3      | Reached XP level 5. HP: 16/47 MP: 4/4
  1464 | D:3      | Reached skill level 5 in Fighting
  1464 | D:3      | Reached XP level 6. HP: 43/56 MP: 5/5
  2340 | D:4      | Noticed Natasha
  2354 | D:4      | Killed Natasha
  2871 | D:4      | Noticed Grinder
  2874 | D:4      | Paralysed by Grinder for 7 turns
  2891 | D:4      | Killed Grinder
  2891 | D:4      | Reached skill level 5 in Long Blades
  2891 | D:4      | Reached XP level 7. HP: 25/61 MP: 6/6
  3455 | D:4      | Noticed Natasha
  3464 | D:4      | Killed Natasha
  3748 | D:4      | Found a basalt altar of Yredelemnul.
  4113 | D:4      | Noticed Natasha
  4122 | D:4      | Killed Natasha
  4148 | D:5      | Entered Level 5 of the Dungeon
  4348 | D:5      | Found a shattered altar of Ashenzari.
  4468 | D:5      | Reached XP level 8. HP: 52/71 MP: 7/7
  4732 | D:5      | Found a glowing golden altar of the Shining One.
  5012 | D:5      | Found a snail-covered altar of Cheibriados.
  6019 | D:7      | Found a shimmering altar of Xom.
  6053 | D:7      | Found Nucilall's Magic Scroll Boutique.
  6058 | D:7      | Bought a scroll of teleportation for 36 gold pieces
  6163 | D:7      | Found a staircase to the Ecumenical Temple.
  6304 | D:7      | Reached XP level 9. HP: 78/80 MP: 8/8
  6383 | D:7      | Noticed Pikel
  6407 | D:7      | Killed Pikel
  7289 | D:8      | Found a glowing golden altar of the Shining One.
  7499 | D:8      | Noticed anet's ghost (novice MiMo)
  7502 | D:8      | Noticed a two-headed ogre
  7528 | D:8      | Killed a two-headed ogre
  7528 | D:8      | Reached skill level 1 in Evocations
  7548 | D:8      | Killed anet's ghost
  7548 | D:8      | Reached XP level 10. HP: 25/91 MP: 10/10
  7909 | D:8      | Learned a level 2 spell: Blink
  7975 | D:8      | Found a stormy altar of Qazlal.
  8183 | Temple   | Entered the Ecumenical Temple
  8297 | Temple   | Became a worshipper of the Wu Jian Council
  8957 | D:9      | Reached skill level 10 in Shields
  8961 | D:9      | Reached skill level 10 in Long Blades
  9849 | D:10     | Entered Level 10 of the Dungeon
  9849 | D:10     | Noticed a two-headed ogre
 10036 | D:9      | Reached * piety under Wu Jian
 10818 | D:10     | Killed a two-headed ogre
 10818 | D:10     | Reached XP level 11. HP: 91/97 MP: 12/12
 11154 | D:10     | Reached ** piety under Wu Jian
 11244 | D:10     | Slain by a wyvern

Vault maps used:
D:1:      onia_arrival_pyramid, minmay_domino_4
D:2:      nicolae_gozag_seed_capital, first_bread
D:3:      dk_noncrumbling_2, uniq_purgy
D:4:      kennysheep_mini_moat, uniq_natasha, uniq_grinder
D:5:      cheibrodos_ashenzari_chains, lemuel_round_altar, slow_altar_1
D:6:      minmay_misc_feat_alley
D:7:      temple_hall, serial_shops, nicolae_shop_stone, lemuel_statue_altar,
          uniq_pikel
D:8:      lemuel_doored_altar, nicolae_tso_besieged_by_evil
D:10:     erik_lair_dragon, grunt_ogre_cave
Temple:   kb_temple_of_zot

Skill      XL: |  1  2  3  4  5  6  7  8  9 10 |
---------------+-------------------------------+-----
Armour         | 4 5 6 8 9 |  9.8
Shields        | 4 5 6 7 9 11 | 11.8
Long Blades    | 3 4 5 7 9 11 | 11.7
Fighting       | 4 5 6 7 9 |  9.5
Evocations     | 2 3 |  3.0

Action                   |  1- 3 |  4- 6 |  7- 9 | 10-12 || total
-------------------------+-------+-------+-------+-------++-------
Melee: Long sword        |   117 |   170 |   434 |   398 ||  1119
       Headbutt          |    14 |    32 |    96 |    99 ||   241
Throw: Javelin           |       |       |     2 |     3 ||     5
Evoke: Wand              |       |       |     1 |       ||     1
  Use: Scroll            |       |     4 |       |     6 ||    10
       Potion            |       |     1 |     2 |       ||     3
  Eat: Chunk             |     1 |     5 |    16 |    12 ||    34
       Fruit             |       |       |       |     1 ||     1
Armor: Scale mail        |    58 |       |       |       ||    58
       Plate armour      |     2 |   115 |   203 |   200 ||   520
Dodge: Dodged            |    39 |    27 |    59 |    65 ||   190
Block: Shield            |    69 |   109 |   188 |   232 ||   598
       Rpst.: Long sword |     9 |     3 |    15 |    18 ||    45
